 Dungeon Crawl Stone Soup version 0.29.0-4-gdea44cf6ec (webtiles) character file.

Game seed: 8380072388815899670

1299 qw the Cleaver (level 8, -7/50 HPs)
             Began as a Gargoyle Berserker on Sept 4, 2022.
             Was a Priest of Trog.
             Engulfed by a cloud of flame (20 damage)
             ... on level 6 of the Dungeon.
             The game lasted 00:02:16 (6175 turns).

qw the Cleaver (Gargoyle Berserker)                 Turns: 6175, Time: 00:02:16

Health: -7/50      AC: 20    Str: 23    XL:     8   Next: 57%
Magic:  8/8        EV:  7    Int:  8    God:    Trog [***...]
Gold:   266        SH:  0    Dex: 15    Spells: 7/7 levels left

rFire   . . .      SeeInvis .   d - +0 hand axe (vamp)
rCold   . . .      Faith    .   (no shield)
rNeg    + . .      Spirit   .   g - +0 plate armour
rPois   inf        Reflect  .   (no helmet)
rElec   +          Harm     .   (no cloak)
rCorr   .          Rampage  .   e - +0 pair of gloves
Will    .....                   i - +0 pair of boots
Stlth   ..........              o - amulet of regeneration
HPRegen 0.96/turn               f - +6 ring of dexterity
MPRegen 0.11/turn               (no ring)

@: no status effects
A: sickness immunity, AC +5, negative energy resistance 1, electricity
resistance, torment resistance 1, petrification resistance
a: Renounce Religion, Berserk, Trog's Hand


You were on level 6 of the Dungeon.
You worshipped Trog.
Trog was most pleased with you.
You visited 1 branch of the dungeon, and saw 6 of its levels.

You collected 266 gold pieces.


Innate Abilities, Weirdness & Mutations

You are immune to sickness and miasma.
Your stone body is resilient. (AC +5)
You are immune to poison.
You resist negative energy. (rN+)
You are resistant to electric shocks. (rElec)
You are resistant to unholy torment.
You are immune to petrification.


   Skills:
 + Level 5.4 Fighting
 - Level 8.0 Axes
 - Level 1.1 Throwing
 - Level 5.0 Armour
 - Level 1.5 Dodging


You had 7 spell levels left.
You didn't know any spells.
Your spell library was empty.

Inventory:

Hand Weapons
 d - a +0 vampiric hand axe (weapon)
 k - a +0 morningstar
Armour
 e - a +0 pair of gloves (worn)
 g - a +0 plate armour (worn)
 i - a +0 pair of boots (worn)
Jewellery
 f - a +6 ring of dexterity (left hand)
 o - an amulet of regeneration (around neck)
Scrolls
 q - a scroll of identify
Potions
 a - a potion of mutation {unknown}
 b - a potion of degeneration {unknown}
 c - 5 potions of curing
 h - a potion of might {unknown}
 j - a potion of haste
 l - a potion of attraction {unknown}
 m - a potion of lignification {unknown}
 n - 2 potions of heal wounds
 p - a potion of cancellation {unknown}

Dungeon Overview and Level Annotations

Branches:
Dungeon (6/15)
 Temple: D:4-7

Altars:
Ashenzari
Cheibriados
Dithmenos
Gozag
Hepliaklqana

Annotations:
D:6 1 runed translucent door, Crazy Yiuf


Message History

You kill the white imp!
Trog accepts your kill.
You open the door.
There is an open door here.
There is an open door here.
Found a hammer.
Enter note: Crazy Yiuf shouts!
Crazy Yiuf whimpers, "Key Xom alas!"
You now have 254 gold pieces (gained 11).
Found a stone staircase leading up.
Enter note:
Enter note:
Enter note:
Enter note:
Enter note: You now have 266 gold pieces (gained 12).
There is a stone staircase leading down here.
p - a metallic purple potion
Enter note: You're in a travel-excluded area, stopping explore.
Enter note: You're in a travel-excluded area, stopping explore.
You're in a travel-excluded area, stopping explore.
6169 ||| Stepping randomly (stuck).
You're in a travel-excluded area, stopping explore.
You're in a travel-excluded area, stopping explore.
You're in a travel-excluded area, stopping explore.
6171 ||| Stepping randomly (stuck).
Really walk into that cloud of flame?
You are engulfed in blazing flames.
You're standing in a cloud of flame!
You are engulfed in blazing flames.
You're standing in a cloud of flame!
You are engulfed in blazing flames.
You're standing in a cloud of flame!
You are engulfed in blazing flames.
You're standing in a cloud of flame!
You are engulfed in blazing flames.
You die...

#..........# #..
#..........# #..
#..........# #..
#..........# #..
#.#...###### #..
#.#.### #..
#.#.#########.##
#..
#.#.....000....#
#..
#..####@####.#
#..# #..# #¤#
...# #..# #¤#
8## #..# ###
#... #8# #..#
##### #..# ##¤##
#¤#


There were no monsters in sight!

Vanquished Creatures
  Grinder (D:4)
  A wyvern (D:5)
  2 ogres
  A scorpion (D:6)
  4 wights (D:5)
  3 killer bees (D:6)
  A jelly (D:6)
  2 orc priests (D:6)
  3 iguanas
  An orc wizard (D:6)
  6 adders
  A shadow imp (D:5)
  3 white imps
  2 adder zombies (D:2)
  3 worms
  2 dart slugs
  14 orcs
  7 ball pythons
  A bat skeleton (D:2)
  A bat zombie (D:2)
  5 endoplasms
  3 giant cockroaches
  9 goblins
  A hobgoblin (D:1)
  9 jackals
  5 quokkas
  2 ball python skeletons (D:2)
  6 bats
  A frilled lizard (D:1)
  A giant cockroach zombie (D:2)
  9 kobolds
  A quokka skeleton (D:2)
  7 rats
118 creatures vanquished.

Vanquished Creatures (others)
  3 plants (D:3)
  3 withered plants (D:2)
6 creatures vanquished.

Grand Total: 124 creatures vanquished

Notes
Turn   | Place    | Note
-------+----------+-------------------------------------------
     0 | D:1      | qw the Gargoyle Berserker began the quest for the Orb.
     0 | D:1      | Reached XP level 1. HP: 14/14 MP: 1/1
     0 | D:1      | 0 ||| qw: Version: 0.1-a-103-gd6f5d3a
     0 | D:1      | 0 ||| qw: Game counter: 5557
     0 | D:1      | 0 ||| qw: Always use a shield: true
     0 | D:1      | 0 ||| qw: Do Orc after D:15 true
     0 | D:1      | 0 ||| qw: Do second Lair branch before Depths: true
     0 | D:1      | 0 ||| qw: Lair rune preference: random
     0 | D:1      | 0 ||| qw: Plans: Normal
     0 | D:1      | 0 ||| PLANNING D:1-11
   191 | D:1      | You fall into a shaft and drop 1 floor!
   200 | D:2      | Reached skill level 3 in Axes
   453 | D:2      | 453 ||| UPGRADING to +0 ring mail.
   463 | D:2      | 463 ||| Stepping ~*~*~tactically~*~*~ (stealth).
   494 | D:2      | 494 ||| DROPPING +0 animal skin.
   495 | D:2      | 495 ||| UPGRADING to +0 pair of gloves.
   500 | D:2      | 500 ||| DRINKING 2 grey potions.
   510 | D:2      | Reached XP level 2. HP: 17/19 MP: 2/2
   582 | D:1      | 582 ||| Stepping ~*~*~tactically~*~*~ (stealth).
   587 | D:1      | 587 ||| Stepping ~*~*~tactically~*~*~ (stealth).
   742 | D:1      | Found a faded altar of an unknown god.
   791 | D:1      | Reached XP level 3. HP: 23/23 MP: 3/3
   837 | D:1      | 837 ||| Stepping ~*~*~tactically~*~*~ (stealth).
   838 | D:1      | 838 ||| Stepping ~*~*~tactically~*~*~ (stealth).
   839 | D:1      | 839 ||| Stepping ~*~*~tactically~*~*~ (stealth).
   850 | D:1      | 850 ||| DROPPING +0 club.
  1010 | D:1      | 1010 ||| UPGRADING to +0 plate armour.
  1020 | D:1      | 1020 ||| DROPPING +0 ring mail.
  1021 | D:1      | 1021 ||| UPGRADING to +6 ring of dexterity.
  1022 | D:1      | 1022 ||| READING scroll labelled GUJUAWNUESM.
  1059 | D:2      | Reached ** piety under Trog
  1072 | D:2      | Reached skill level 4 in Axes
  1138 | D:2      | 1138 ||| DROPPING +0 whip.
  1153 | D:2      | Identified the +8 dagger of Okkisoof {holy, Fragile Dex+6}
  1157 | D:2      | 1157 ||| INVOKING Berserk.
  1163 | D:2      | Reached XP level 4. HP: 28/28 MP: 4/4
  1270 | D:2      | 1270 ||| Stepping ~*~*~tactically~*~*~ (stealth).
  1319 | D:2      | 1319 ||| Stepping ~*~*~tactically~*~*~ (stealth).
  1320 | D:2      | 1320 ||| Stepping ~*~*~tactically~*~*~ (stealth).
  1338 | D:2      | 1338 ||| Stepping ~*~*~tactically~*~*~ (stealth).
  1370 | D:2      | 1370 ||| Stepping ~*~*~tactically~*~*~ (stealth).
  1531 | D:2      | 1531 ||| Stepping ~*~*~tactically~*~*~ (hiding).
  1554 | D:2      | Reached skill level 1 in Throwing
  1909 | D:2      | 1909 ||| UPGRADING to +0 pair of boots.
  1914 | D:2      | 1914 ||| READING scroll labelled NIZEDELOAL.
  1955 | D:3      | 1955 ||| STAIRDANCE
  2099 | D:3      | Found a faded altar of an unknown god.
  2108 | D:3      | 2108 ||| Stepping ~*~*~tactically~*~*~ (stealth).
  2309 | D:3      | 2309 ||| Stepping ~*~*~tactically~*~*~ (stealth).
  2318 | D:3      | Found a broken altar of Ashenzari.
  2577 | D:3      | 2577 ||| READING 2 scrolls labelled ZIJUS VITE.
  2579 | D:3      | Found an opulent altar of Gozag.
  2580 | D:3      | 2580 ||| READING scroll labelled ELLEHE QOUFU.
  2581 | D:3      | 2581 ||| DRINKING 2 smoky coppery potions.
  2582 | D:3      | 2582 ||| DRINKING 2 blue potions.
  2653 | D:4      | 2653 ||| Stepping ~*~*~tactically~*~*~ (stealth).
  2717 | D:4      | Reached skill level 3 in Armour
  2765 | D:4      | Found a snail-covered altar of Cheibriados.
  2783 | D:4      | 2783 ||| Stepping ~*~*~tactically~*~*~ (hiding).
  2854 | D:4      | Noticed Grinder
  2855 | D:4      | 2855 ||| INVOKING Trog's Hand.
  2858 | D:4      | 2858 ||| INVOKING Berserk.
  2878 | D:4      | 2878 ||| INVOKING Trog's Hand.
  2884 | D:4      | Killed Grinder
  2885 | D:4      | Reached skill level 5 in Axes
  2885 | D:4      | Reached XP level 5. HP: 32/32 MP: 5/5
  2885 | D:4      | Reached XP level 6. HP: 37/37 MP: 6/6
  3015 | D:4      | Found a faded altar of an unknown god.
  3015 | D:4      | Found a faded altar of an unknown god.
  3025 | D:4      | Found a hazy altar of Hepliaklqana.
  3085 | D:4      | 3085 ||| Stepping ~*~*~tactically~*~*~ (stealth).
  3171 | D:4      | 3171 ||| INVOKING Berserk.
  3441 | D:4      | Reached skill level 6 in Axes
  3472 | D:4      | Reached XP level 7. HP: 42/43 MP: 7/7
  3605 | D:4      | 3605 ||| DROPPING orb of wrath.
  3606 | D:4      | 3606 ||| UPGRADING to amulet of regeneration.
  3708 | D:3      | 3708 ||| READING 2 scrolls of teleportation.
  3756 | D:3      | 3756 ||| READING scroll of teleportation.
  3805 | D:5      | Entered Level 5 of the Dungeon
  3806 | D:5      | 3806 ||| PLANNING SEWER
  3808 | D:5      | Noticed a wyvern
  3816 | D:5      | Killed a wyvern
  3851 | D:5      | 3851 ||| Stepping ~*~*~tactically~*~*~ (hiding).
  3856 | D:5      | 3856 ||| INVOKING Berserk.
  3945 | D:5      | 3945 ||| INVOKING Berserk.
  3952 | D:5      | HP: 15/64 [wight/+0 vampiric halberd (9)]
  3961 | D:5      | Reached skill level 7 in Axes
  4085 | D:5      | 4085 ||| Stepping ~*~*~tactically~*~*~ (hiding).
  4097 | D:5      | Reached XP level 8. HP: 44/48 MP: 8/8
  4216 | D:5      | 4216 ||| Stepping ~*~*~tactically~*~*~ (stealth).
  4242 | D:5      | Found a shadowy altar of Dithmenos.
  4280 | D:5      | 4280 ||| Stepping ~*~*~tactically~*~*~ (hiding).
  4281 | D:5      | 4281 ||| Stepping ~*~*~tactically~*~*~ (hiding).
  4283 | D:5      | 4283 ||| Stepping ~*~*~tactically~*~*~ (hiding).
  4407 | D:5      | 4407 ||| RIP SEWER
  4408 | D:5      | 4408 ||| PLANNING D:1-11
  5237 | D:5      | 5237 ||| DROPPING amulet of faith.
  5238 | D:5      | 5238 ||| READING 2 scrolls labelled CODUIPL DOFUILA.
  5239 | D:5      | 5239 ||| READING scroll labelled USUYDE PAOPLOTEL.
  5292 | D:6      | 5292 ||| Stepping ~*~*~tactically~*~*~ (hiding).
  5294 | D:6      | 5294 ||| Stepping ~*~*~tactically~*~*~ (hiding).
  5295 | D:6      | 5295 ||| INVOKING Berserk.
  5394 | D:6      | 5394 ||| DROPPING +0 flail.
  5404 | D:6      | 5404 ||| Stepping ~*~*~tactically~*~*~ (stealth).
  5430 | D:6      | Reached *** piety under Trog
  5447 | D:6      | Reached skill level 8 in Axes
  5497 | D:6      | 5497 ||| INVOKING Berserk.
  5629 | D:6      | 5629 ||| Stepping ~*~*~tactically~*~*~ (stealth).
  5636 | D:6      | 5636 ||| Stepping ~*~*~tactically~*~*~ (stealth).
  5926 | D:6      | Found a runed translucent door.
  5927 | D:6      | Noticed Crazy Yiuf
  6169 | D:6      | 6169 ||| Stepping randomly (stuck).
  6171 | D:6      | 6171 ||| Stepping randomly (stuck).
  6174 | D:6      | HP: 12/50 [something (23)]
  6175 | D:6      | Engulfed by a cloud of flame

Levels and vault maps discovered:
D:1:      elethiomel_arrival_infinity_welcomes_careful_drivers, layout_rooms,
          dreamdust_ecumenical_altar_grove, minmay_tiny_reverse_x
D:2:      layout_loops_ring, serial_undead, serial_undead_a, serial_undead_d,
          serial_undead_d, serial_undead_b
D:3:      layout_loops_cross, nicolae_overflow_ecumenical_swirl,
          cheibrodos_ashenzari_chains, serial_forest,
          infiniplex_forest_straight_3, infiniplex_forest_straight_1,
          infiniplex_forest_clump_tiny, infiniplex_forest_clump_tiny,
          infiniplex_forest_zigzag_1, corexii_shack
D:4:      layout_loops_cross, nicolae_hepliaklqana_ecumenical_no_more,
          kennysheep_slug_shrine, corner_web_ring, minmay_manual_monstrance,
          uniq_grinder
D:5:      layout_basic, nicolae_dithmenos_through_a_glass_darkly,
          gup_sewer_entry_spiral, st_stairs_14
D:6:      layout_basic, small_statue_intersection, lemuel_flamethrower_2,
          uniq_crazy_yiuf_cottage, uniq_prince_ribbit1

Skill      XL: |  1  2  3  4  5  6  7  8 |
---------------+-------------------------+-----
Axes           | 3 4 5 6 7 8 |  8.0
Throwing       | 1 |  1.1
Armour         | 3 4 5 |  5.0
Fighting       | 4 5 |  5.4
Dodging        | |  1.5

Action                   |  1- 3 |  4- 6 |  7- 9 || total
-------------------------+-------+-------+-------++-------
Melee: Hand axe          |   118 |   158 |   240 ||   516
       Punch             |       |     1 |     3 ||     4
Throw: Javelin           |     7 |     8 |       ||    15
Invok: Berserk           |     1 |     2 |     4 ||     7
       Trog's Hand       |       |     2 |       ||     2
  Use: Potion            |     1 |     2 |       ||     3
       Scroll            |     1 |     3 |     4 ||     8
Armor: Animal skin       |    20 |       |       ||    20
       Ring mail         |    34 |       |       ||    34
       Plate armour      |    19 |   106 |   163 ||   288
Dodge: Dodged            |    99 |    45 |    78 ||   222

Table legend:
 A = Non-vault XP
 B = Vault XP
 C = Vault XP percentage of total XP
 D = Non-vault monster count
 E = Vault monster count
 F = Vault count percentage of total count
                 A         B        C        D         E       F
            +---------+---------+-------+---------+---------+-------
      Total |    1358 |     499 |  26.9 |      91 |      27 |  22.9
            +---------+---------+-------+---------+---------+-------
        D:1 |      32 |       2 |   5.9 |      20 |       2 |   9.1
        D:2 |      57 |      19 |  25.0 |      17 |       8 |  32.0
        D:3 |      13 |       1 |   7.1 |       8 |       1 |  11.1
        D:4 |     195 |     326 |  62.6 |      12 |       6 |  33.3
        D:5 |     541 |     151 |  21.8 |      17 |      10 |  37.0
        D:6 |     520 |       0 |   0.0 |      17 |       0 |   0.0
            +---------+---------+-------+---------+---------+-------
